 Dungeon Crawl Stone Soup version 0.17-a0-1037-gbf358b4 (webtiles) character file.

112 inmateoo the Conjurer (level 4, -1/24 HPs)
             Began as a Deep Elf Conjurer on May 14, 2015.
             Killed by nerve-wracking pain
             ... invoked by JetFlynn's ghost
              (3 damage)
             ... on level 4 of the Dungeon.
             The game lasted 00:03:22 (2407 turns).

inmateoo the Conjurer (Deep Elf Conjurer)           Turns: 2407, Time: 00:03:23

Health: -1/24      AC:  3    Str:  5    XL:     4   Next: 64%
Magic:  5/11       EV: 13    Int: 21    God:
Gold:   71         SH:  0    Dex: 15    Spells: 3 memorised, 4 levels left

rFire  . . .     SeeInvis .     n - -3 trident (curse)
rCold  . . .     Clarity  .     a - +1 robe
rNeg   . . .     SustAb   .     (no shield)
rPois  .         Gourm    .     (no helmet)
rElec  .         Spirit   .     (no cloak)
rCorr  .         Warding  .     (no gloves)
rMut   .         Stasis   .     (no boots)
MR     .....                    (no amulet)
Stlth  +++.......               (no ring)
                                (no ring)

@: not resistant to hostile enchantments, fairly stealthy
A: no striking features
a: no special abilities


You were on level 4 of the Dungeon.
You were not hungry.

You visited 1 branch of the dungeon, and saw 4 of its levels.

You collected 71 gold pieces.

Inventory:

Hand weapons
 n - a cursed -3 trident (weapon)
Armour
 a - a +1 robe (worn)
Scrolls
 d - 2 scrolls of enchant armour
 m - 2 scrolls of teleportation
Potions
 e - a potion of mutation {unknown}
 f - a potion of ambrosia {unknown}
 g - a potion of curing {unknown}
 i - 2 potions of brilliance {unknown}
 j - a potion of agility {unknown}
 l - a potion of heal wounds {unknown}
Books
 b - a book of Conjurations

   Spells                             Type                      Level
   a - Magic Dart                     Conjuration                  1
   b - Searing Ray                    Conjuration                  2
   c - Dazzling Spray                 Conjuration/Hexes            3
   d - Fulminant Prism                Conjuration/Hexes            4
   e - Iskenderun's Mystic Blast      Conjuration                  4
   f - Iskenderun's Battlesphere      Conjuration/Charms           5
Comestibles
 c - 4 bread rations
 h - 2 meat rations
 k - a beef jerky


   Skills:
 + Level 3.5 Dodging
 + Level 3.7 Stealth
 + Level 3.7 Spellcasting
 * Level 5.3 Conjurations


You had 4 spell levels left.
You knew the following spells:

 Your Spells              Type           Power        Failure   Level  Hunger
a - Magic Dart            Conj           ####         1%          1    None
b - Searing Ray           Conj           ####..       1%          2    ##.....
c - Dazzling Spray        Conj/Hex       ###.....     14%         3    ###....


Dungeon Overview and Level Annotations

Branches:
Dungeon (4/15)
 Temple: D:4-7

Altars:
Fedhas
Makhleb

Annotations:
D:3 Baka's ghost, average GrFi
D:4 JetFlynn's ghost, average HONe


Message History

An orc comes into view.
Found 7 gold pieces.
Casting: Searing Ray
Confirm with . or Enter, or press ? or * to list all spells.
Aiming: Searing Ray
Press: ? - help, Shift-Dir - straight line, f - orc
Aim: an orc (resting)
The searing ray hits the orc.
The orc is heavily wounded.
The orc shouts!
Unknown command.
The searing ray hits the orc.
You kill the orc!
Unknown command.
Found a stone staircase leading down.
You see here 7 gold pieces.
A jackal comes into view.
JetFlynn's ghost points at you and mumbles some strange words.
Pain shoots through your body!
You die...

#### #>. #.#
########@#
......##.####.#
#..$......# #
#†.........h
#..###W##.#######
#......##.#
#.##.#....##
#.###...##### #
#......s.


You could see JetFlynn's ghost.

Vanquished Creatures
  4 adders (D:2)
  2 worms (D:2)
  A giant gecko (D:2)
  2 orcs
  2 giant cockroaches (D:2)
  8 hobgoblins
  8 kobolds
  2 quokkas
  11 bats
  8 giant newts
  10 goblins
  3 jackals (D:1)
  8 rats
69 creatures vanquished.

Notes
Turn   | Place    | Note
--------------------------------------------------------------
     0 | D:1      | inmateoo the Deep Elf Conjurer began the quest for the Orb.
     0 | D:1      | Reached XP level 1. HP: 10/10 MP: 6/6
   216 | D:1      | Reached XP level 2. HP: 15/15 MP: 2/8
  1110 | D:2      | Reached skill level 5 in Conjurations
  1113 | D:2      | Reached XP level 3. HP: 19/19 MP: 5/9
  1279 | D:2      | Learned a level 2 spell: Searing Ray
  1367 | D:2      | Learned a level 3 spell: Dazzling Spray
  1493 | D:2      | Reached XP level 4. HP: 24/24 MP: 3/11
  1876 | D:2      | Found a burning altar of Makhleb.
  1982 | D:2      | Found a blossoming altar of Fedhas.
  2232 | D:3      | Noticed Baka's ghost (average GrFi)
  2395 | D:3      | HP: 1/24 [Baka's ghost (13)]
  2396 | D:4      | Noticed JetFlynn's ghost (average HONe)
  2407 | D:4      | Killed from afar by JetFlynn's ghost

Vault maps used:
D:1:      dpeg_arrival_arbitrary_c, minmay_misc_feat_ornament
D:2:      bloody_makhleb, lemuel_coloured_pillars_altar
D:3:      lemuel_doored_altar, kennysheep_generic_room_12
D:4:      uniq_eustachio

Action                   |  1- 3 |  4- 6 || total
-------------------------+-------+-------++-------
Melee: Unarmed           |     7 |       ||     7
 Cast: Magic Dart        |    76 |    45 ||   121
       Searing Ray       |     1 |     3 ||     4
  Use: Scroll            |     2 |     1 ||     3
  Eat: Chunk             |     2 |     2 ||     4
